 Dungeon Crawl Stone Soup version 0.31-a0-1178-gc5c9b8f871 (webtiles) character file.

Game seed: 14910172999913040827

19 qw the Shooter (level 2, 0/17 HPs)
             Began as a Gargoyle Hunter on Dec 11, 2023.
             Slain by an adder (1 damage)
             ... on level 2 of the Dungeon.
             The game lasted 00:00:15 (585 turns).

qw the Shooter (Gargoyle Hunter)                     Turns: 585, Time: 00:00:16

Health: 0/17       AC:  8    Str: 14    XL:     2   Next: 75%
Magic:  2/2        EV: 10    Int:  9    God:
Gold:   39         SH:  0    Dex: 13    Spells: 1/1 levels left

rFire   . . .        a - +1 shortbow
rCold   . . .        (shield currently unavailable)
rNeg    + . .        l - +0 ring mail
rPois   inf          (no helmet)
rElec   +            m - +0 cloak
rCorr   .            (no gloves)
SInv    .            (no boots)
Will    .....        (no amulet)
Stlth   +            (no ring)
HPRegen 0.22/turn    (no ring)
MPRegen 0.08/turn

%: no passive effects
@: attractive
A: sickness immunity, AC +2, negative energy resistance 1, electricity
resistance, torment resistance 1, petrification resistance
a: no special abilities


You were on level 2 of the Dungeon.
You visited 1 branch of the dungeon, and saw 2 of its levels.

You collected 39 gold pieces.


Innate Abilities, Weirdness & Mutations

You are immune to sickness and miasma.
Your stone body is resilient. (AC +2)
You are immune to poison.
You resist negative energy. (rN+)
You are resistant to electric shocks. (rElec)
You are resistant to unholy torment.
You are immune to petrification.


   Skills:
 - Level 2.1 Fighting
 - Level 4.7 Ranged Weapons
 + Level 0.2 Armour
 - Level 1.5 Dodging
 - Level 1.1 Stealth


You had one spell level left.
You didn't know any spells.
Your spell library was empty.

Inventory:

Hand Weapons
 a - a +1 shortbow (weapon)
Armour
 l - a +0 ring mail (worn)
 m - a +0 cloak (worn)
Jewellery
 k - a ring of ice
Potions
 f - a potion of haste

Dungeon Overview and Level Annotations

Branches:
Dungeon (2/15)

Altars:


Message History

You shoot an arrow. The arrow hits the kobold!
You kill the kobold!
Done exploring.
What level of the Dungeon? (default 2, ? - help)
You climb downwards.
The adder bites you but does no damage. The endoplasm freezes you.
You are frozen.
The adder bites you but does no damage.
There is a stone staircase leading up here.
You shoot an arrow. The arrow closely misses the adder.
The adder bites you but does no damage. The endoplasm closely misses you.
The kobold hits you but does no damage.
You shoot an arrow. The arrow hits the adder.
The adder is lightly wounded.
The adder bites you. The kobold hits you but does no damage.
The endoplasm freezes you.
You are frozen.
The adder bites you but does no damage.
The endoplasm hits you but does no damage.
The kobold hits you but does no damage.
You shoot an arrow. The arrow closely misses the adder.
The adder barely misses you. The endoplasm freezes you.
You are frozen.
The kobold hits you but does no damage. The adder bites you but does no damage.
You shoot an arrow. The arrow hits the adder.
The adder is severely wounded.
The adder bites you but does no damage. The endoplasm freezes you.
You are frozen.
The kobold misses you. The adder bites you but does no damage.
You shoot an arrow.
The arrow hits the adder but does no damage.
The adder is severely wounded.
The kobold barely misses you.
The endoplasm hits you but does no damage.
The adder closely misses you. The kobold hits you but does no damage.
The endoplasm jiggles.
The endoplasm hits you.
You shoot an arrow. The arrow hits the adder.
The adder is severely wounded.
The adder barely misses you. The adder bites you.
You die...

.#.... .
..... . ....
##. #. ...
.. ... #..
.# ..
..###..#.#.#
......KJ...#
#.@...#
#..S....#
#........)#
###.......#
.......##
###...#..
##.###.# ##.
##


You could see an adder, an endoplasm and a kobold.

Vanquished Creatures
  An endoplasm (D:1)
  3 giant cockroaches (D:1)
  A goblin (D:1)
  2 hobgoblins (D:1)
  2 ball pythons (D:1)
  A bat (D:1)
  4 kobolds (D:1)
  4 rats (D:1)
18 creatures vanquished.

Notes
Turn   | Place    | Note
-------+----------+-------------------------------------------
     0 | D:1      | qw the Gargoyle Hunter began the quest for the Orb.
     0 | D:1      | Reached XP level 1. HP: 12/12 MP: 1/1
     0 | D:1      | 0 ||| qw: Version: 0.3-a-106-g2cfff9e
     0 | D:1      | 0 ||| qw: Game counter: 2038
     0 | D:1      | 0 ||| qw: Melee chars always use a shield: true
     0 | D:1      | 0 ||| qw: God list: Okawaru
     0 | D:1      | 0 ||| qw: Allow faded altars: false
     0 | D:1      | 0 ||| qw: Do Orc after clearing Dungeon:15 true
     0 | D:1      | 0 ||| qw: Do second Lair branch before Depths: true
     0 | D:1      | 0 ||| qw: Lair rune preference: random
     0 | D:1      | 0 ||| qw: Goals: Normal, Save, Zot:1-4, Win
     0 | D:1      | 0 ||| PLANNING D:1-11
   154 | D:1      | Reached XP level 2. HP: 17/17 MP: 2/2
   435 | D:1      | 435 ||| UPGRADING to +0 ring mail.
   445 | D:1      | 445 ||| DROPPING +0 leather armour.
   446 | D:1      | 446 ||| UPGRADING to +0 cloak.
   451 | D:1      | 451 ||| READING 2 scrolls labelled SAFUEP QEULIEWK.
   451 | D:1      | 451 ||| IDENTIFYING orange potion
   452 | D:1      | 452 ||| READING scroll of identify.
   452 | D:1      | 452 ||| IDENTIFYING black potion
   453 | D:1      | 453 ||| READING scroll labelled DOAS AKEQOGAIS.
   554 | D:1      | 554 ||| READING scroll labelled MUOFYEMPUGG.
   554 | D:1      | 554 ||| ENCHANTING +0 shortbow.
   555 | D:1      | 555 ||| READING scroll labelled LUPIAC ELEO.
   556 | D:1      | 556 ||| DRINKING 2 glowing grey potions.
   557 | D:1      | 557 ||| DROPPING scroll of butterflies.
   558 | D:1      | 558 ||| DROPPING potion of attraction.
   559 | D:1      | 559 ||| DROPPING potion of ambrosia.
   569 | D:2      | 569 ||| STAIRDANCE
   583 | D:2      | HP: 2/17 [frozen (4)]
   585 | D:2      | Slain by an adder

Levels and vault maps discovered:
D:1:      lemuel_arrival_lava_pool, layout_basic
D:2:      layout_loops_ring, hellmonk_ecumenical_altar_watching_god

Action                     || total
---------------------------++-------
   Fire: Shortbow          ||    48
    Use: Scroll            ||     5
         Potion            ||     1
 Armour: Leather armour    ||     6
         Ring mail         ||    22
  Dodge: Dodged            ||    10

Table legend:
 A = Non-vault XP
 B = Vault XP
 C = Vault XP percentage of total XP
 D = Non-vault monster count
 E = Vault monster count
 F = Vault count percentage of total count
                 A         B        C        D         E       F
            +---------+---------+-------+---------+---------+-------
      Total |      28 |       0 |   0.0 |      18 |       0 |   0.0
            +---------+---------+-------+---------+---------+-------
        D:1 |      28 |       0 |   0.0 |      18 |       0 |   0.0
            +---------+---------+-------+---------+---------+-------
